 Dungeon Crawl Stone Soup version 0.29-a0-823-gc37b1572da (webtiles) character file.

Game seed: 5660127329941555380

1747 Spectrina the Covert (level 8, -5/45 HPs)
             Began as a Vampire Delver on July 6, 2022.
             Was an Initiate of Yredelemnul.
             Slain by a yak (7 damage)
             ... on level 6 of the Dungeon on July 9, 2022.
             The game lasted 00:23:15 (2325 turns).

Spectrina the Covert (Vampire Delver)               Turns: 2325, Time: 00:23:15

Health: -5/45      AC: 12    Str: 11    XL:     8   Next: 77%
Magic:  0/13       EV: 12    Int: 12    God:    Yredelemnul [......]
Gold:   38         SH:  0    Dex: 25    Spells: 7/7 levels left

rFire   . . .      SeeInvis +   a - +2 dagger (venom)
rCold   + + .      Faith    .   (no shield)
rNeg    + + +      Spirit   +   y - +5 leather armour of Abstinence {-Tele Dex+7}
rPois   ∞          Reflect  .   r - +1 hat
rElec   .          Harm     .   t - +2 cloak
rCorr   .          Rampage  .   (no gloves)
Will    .....      NoTele   +   (no boots)
Stlth   +++++++...              i - amulet of guardian spirit
HPRegen 0.00/turn               (no ring)
MPRegen 0.13/turn               (no ring)

@: bloodless, inhibited regen, invisible
A: bloodless, fangs 3, see invisible, vampiric 2
a: Bat Form, Revivify, Renounce Religion, Recall Undead Harvest


You were on level 6 of the Dungeon.
You worshipped Yredelemnul.
Yredelemnul was noncommittal.
You visited 1 branch of the dungeon, and saw 6 of its levels.

You collected 148 gold pieces.
You spent 110 gold pieces at shops.

Inventory:

Hand Weapons
 a - a +2 dagger of venom (weapon)
 m - a +3 quarterstaff of chaos
 s - a +0 hand axe of draining
 u - a +0 short sword
 D - a +0 sling
Missiles
 p - 5 poisoned darts (quivered)
 J - a throwing net
Armour
 b - a +0 leather armour
 r - a +1 hat (worn)
 t - a +2 cloak (worn)
 y - the +5 leather armour of Abstinence (worn) {-Tele Dex+7}
   (You took it off a goblin on level 3 of the Dungeon)

   Dex:       It affects your dexterity (+7).
   -Tele:     It prevents most forms of teleportation.
Jewellery
 i - an amulet of guardian spirit (around neck)
 H - a ring of ice
Wands
 g - a wand of digging (2)
 A - a wand of charming (2)
Scrolls
 c - a scroll of fog
 d - a scroll of magic mapping
 e - a scroll of immolation {unknown}
 k - a scroll of amnesia {unknown}
 o - a scroll of enchant weapon {unknown}
 w - 2 scrolls of enchant armour {unknown}
 z - a scroll of blinking {unknown}
 C - 2 scrolls of teleportation {unknown}
 E - a scroll of poison {unknown}
 F - a scroll of torment {unknown}
Potions
 f - 3 potions of haste
 h - 2 potions of resistance
 j - 4 potions of heal wounds
 l - 5 potions of flight
 n - a potion of might
 q - a potion of cancellation
 v - a potion of mutation
 B - 2 potions of attraction
 G - a potion of ambrosia


   Skills:
 - Level 2.6 Fighting
 + Level 6.9 Short Blades
 - Level 2.1 Dodging
 + Level 11.7 Stealth
 * Level 6.7 Invocations


You had 7 spell levels left.
You didn't know any spells.
Your spell library contained the following spells:

 Spells                   Type           Power      Damage    Failure   Level
 Sting                    Tmut/Pois      0%         1d3       41%         1
 Poisonous Vapours        Pois/Air       0%         N/A       54%         2
 Ozocubu's Armour         Ice            0%         N/A       78%         3
 Olgreb's Toxic Radiance  Pois           0%         N/A       99%         4
 Metabolic Englaciation   Hex/Ice        0%         N/A       100%        5
 Simulacrum               Ice/Necr       Unusable   N/A       N/A         6

Dungeon Overview and Level Annotations

Branches:
Dungeon (6/15)
 Temple: D:4-7

Altars:
Makhleb
Okawaru
Trog
Yredelemnul

Shops:
D:5 !*


Innate Abilities, Weirdness & Mutations

You do not regenerate when monsters are visible.
You are frail without blood (-20% HP).
You can heal yourself when you bite living creatures.
You are immune to poison.
You have razor-sharp teeth.
You have supernaturally acute eyesight. (SInv)
You are afflicted with vampirism and can become a bat while bloodless.


Message History

A black mist starts to gather...
Unknown command.
Your spectral white imp barely misses the yak.
You hit the yak.
The yak is poisoned.
You bite the yak, but do no damage.
The yak is lightly wounded.
You hit the yak but do no damage.
The yak looks even sicker.
The yak is lightly wounded.
The yak completely misses you.
Your spectral white imp hits the yak but does no damage.
You hit the yak but do no damage.
The yak looks as sick as possible!
The yak barely misses you.
You hit the yak.
The yak looks as sick as possible!
The yak is lightly wounded.
Your spectral white imp hits the yak.
You hit the yak but do no damage.
The yak looks as sick as possible!
The yak is moderately wounded.
The yak gores your spectral white imp but does no damage.
Your spectral white imp hits the yak but does no damage.
You hit the yak.
The yak looks as sick as possible!
The yak is moderately wounded.
You hit the yak but do no damage.
The yak looks as sick as possible!
The yak is heavily wounded.
Your spectral white imp barely misses the yak.
You hit the yak.
The yak is heavily wounded.
The yak gores you!
* * * LOW HITPOINT WARNING * * *
The yak gores you!
* * * LOW HITPOINT WARNING * * *
Your spectral white imp closely misses the yak.
Unknown command.
Okay, then.
Okay, then.
Unknown command.
Okay, then.
Unknown command.
You fade into invisibility!
The yak closely misses you. The yak gores you!
You die...
Yredelemnul claims you as an undead slave.

#...#########
#............
##..........##
##...........##
#..###.......#
###.####.......#
#######................
#....................#.
#....Y@...####.......#.
#....ZY...# #.........
#####.##### #.........
#.# .......... #.### .
#...###.≈.. ###..Y..Y≈.
#5...YY≈≈ =)....Y.≈


You could see 2 yaks and a friendly spectral white imp.

Vanquished Creatures
  Grinder (D:3)
  4 yaks (D:6)
  An ogre (D:5)
  3 phantoms
  A necrophage (D:4)
  A bullfrog (D:6)
  An electric eel (D:6)
  2 hounds
  Crazy Yiuf (D:3)
  An orc priest (D:6)
  A gnoll bouda (D:5)
  2 orc wizards (D:4)
  Ijyb (D:3)
  2 iguanas (D:5)
  4 gnolls (D:5)
  5 adders
  A shadow imp (D:5)
  A white imp (D:6)
  2 ufetubi
  2 worms
  A dart slug (D:2)
  9 orcs
  3 ball pythons
  3 endoplasms
  2 giant cockroaches
  3 goblins
  9 hobgoblins
  2 jackals (D:4)
  A quokka (D:2)
  12 bats
  2 frilled lizards
  6 kobolds
  11 rats
101 creatures vanquished.

Vanquished Creatures (collateral kills)
  An adder (D:5)
  2 gnolls (D:5)
  A ball python (D:4)
  3 bats (D:4)
7 creatures vanquished.

Vanquished Creatures (others)
  A hound zombie (D:6)
  2 orc zombies (D:4)
  A spectral shadow imp (D:5)
  An adder zombie (D:3)
  3 bat zombies
  2 gnoll zombies (D:5)
  A hobgoblin zombie (D:4)
  A spectral ufetubus (D:5)
12 creatures vanquished.

Grand Total: 120 creatures vanquished

Notes
Turn   | Place    | Note
-------+----------+-------------------------------------------
     0 | D:5      | Spectrina the Vampire Delver began the quest for the Orb.
     0 | D:5      | Reached XP level 1. HP: 17/17 MP: 1/1
     1 | D:5      | Noticed a hound
    16 | D:5      | Noticed an iguana
    75 | D:5      | Noticed a gnoll bouda
   108 | D:5      | Noticed a phantom
   108 | D:5      | Noticed an iguana
   110 | D:5      | Killed an iguana
   111 | D:5      | Reached XP level 2. HP: 18/18 MP: 2/2
   153 | D:3      | Reached skill level 8 in Stealth
   153 | D:3      | Gained mutation: You are afflicted with vampirism and can
                  | become a bat while bloodless. [Vampire growth]
   153 | D:3      | Reached XP level 3. HP: 14/22 MP: 3/3
   216 | D:2      | Upgraded the game from 0.29-a0-819-g94b489e0ae to
                  | 0.29-a0-821-g66395355a5
   476 | D:2      | Reached XP level 4. HP: 27/27 MP: 4/4
   548 | D:2      | Found a faded altar of an unknown god.
   554 | D:2      | Prayed at the altar of an unknown god.
   554 | D:2      | Became a worshipper of Yredelemnul the Dark
   554 | D:2      | Reached * piety under Yredelemnul
   796 | D:3      | Identified the +5 leather armour of Abstinence {-Tele
                  | Dex+7}
   818 | D:3      | Reached skill level 1 in Invocations
   838 | D:3      | Found a runed translucent door.
   839 | D:3      | Noticed Crazy Yiuf
   866 | D:3      | Killed Crazy Yiuf
   922 | D:3      | Noticed Ijyb
   934 | D:3      | Killed Ijyb
   935 | D:3      | Reached XP level 5. HP: 28/31 MP: 6/6
  1010 | D:3      | Noticed Grinder
  1025 | D:3      | Killed Grinder
  1026 | D:3      | Reached skill level 9 in Stealth
  1026 | D:3      | Reached XP level 6. HP: 29/36 MP: 5/8
  1303 | D:4      | Reached skill level 5 in Short Blades
  1446 | D:4      | Upgraded the game from 0.29-a0-821-g66395355a5 to
                  | 0.29-a0-823-gc37b1572da
  1538 | D:3      | Reached XP level 7. HP: 40/40 MP: 9/9
  1619 | D:4      | HP: 1/40 [worm (4)]
  1668 | D:5      | Found Hois's General Store.
  1826 | D:5      | Reached skill level 10 in Stealth
  1865 | D:5      | Bought a scroll of identify for 22 gold pieces
  1865 | D:5      | Bought a potion of invisibility for 88 gold pieces
  1893 | D:5      | Reached ** piety under Yredelemnul
  2010 | D:5      | Reached skill level 5 in Invocations
  2025 | D:6      | Found an iron altar of Okawaru.
  2025 | D:6      | Found a burning altar of Makhleb.
  2105 | D:6      | Reached XP level 8. HP: 30/45 MP: 8/12
  2139 | D:6      | Found a bloodstained altar of Trog.
  2270 | D:6      | Reached skill level 11 in Stealth
  2324 | D:6      | HP: 2/45 [yak (8)]
  2325 | D:6      | Slain by a yak

Illustrated notes

Levels and vault maps discovered:
D:1:      saegor_arrival_miasma, layout_loops_ring
D:2:      minmay_razor_zed, layout_basic, ebering_ecumenical_altar_abandoned
D:3:      layout_basic, uniq_grinder, uniq_ijyb, uniq_crazy_yiuf_cottage
D:4:      layout_loops_ring, serial_rivers, chequers_serial_rivers_room_a,
          chequers_serial_rivers_micro_c, chequers_serial_rivers_micro_e,
          chequers_serial_rivers_micro_e, chequers_serial_rivers_micro_c,
          roderic_batcave, minmay_surrounded
D:5:      layout_rooms, serial_shops, shop, nicolae_stop_n_shop_2
D:6:      layout_rooms, lemuel_doored_altar, nicolae_overflow_two_pavilions,
          nicolae_overflow_hidden_temple, dk_vineyard_3

Skill      XL: |  1  2  3  4  5  6  7  8 |
---------------+-------------------------+-----
Short Blades   | 3 4 5 6 |  6.9
Stealth        | 8 9 10 11 | 11.7
Invocations    | 1 3 5 6 |  6.7
Fighting       | |  2.6
Dodging        | |  2.1

Action                   |  1- 3 |  4- 6 |  7- 9 || total
-------------------------+-------+-------+-------++-------
Melee: Short sword       |    58 |    18 |       ||    76
       Dagger            |       |   115 |   153 ||   268
       Bite              |       |    11 |    26 ||    37
       Punch             |       |     1 |       ||     1
 Abil: Exsanguinate      |     1 |       |       ||     1
Evoke: Wand              |       |     1 |       ||     1
  Use: Potion            |       |     1 |     2 ||     3
       Scroll            |       |       |     8 ||     8
 Stab: Sleeping          |    12 |    18 |     8 ||    38
       Distracted        |     1 |     1 |     2 ||     4
Armor: Leather armour    |    12 |    57 |    35 ||   104
Dodge: Dodged            |    32 |    57 |    54 ||   143

Table legend: (Time is in decaauts)
 A = Elapsed time spent in this place.
 B = Non-inter-level travel time spent in this place.
 C = Inter-level travel time spent in this place.
 D = Time resting spent in this place.
 E = Time spent auto-exploring this place.
 F = Levels seen in this place.
 G = Mean time per level.
                   A        B        C        D        E       F      G
               +--------+--------+--------+--------+--------+-----+--------+
         Total |   2249 |   2138 |    111 |      0 |      0 |   6 |  374.8 |
       Dungeon |   2249 |   2138 |    111 |      0 |      0 |   6 |  374.8 |
               +--------+--------+--------+--------+--------+-----+--------+

Top non-repeatable levels by time:
     D:4: 555 daAuts
     D:5: 485 daAuts
     D:2: 420 daAuts
     D:3: 395 daAuts
     D:6: 239 daAuts
     D:1: 154 daAuts
